 Dungeon Crawl Stone Soup version 0.18.1-48-g4cf74bf (webtiles) character file.

18 BDSMove the Grave Robber (level 2, -1/13 HPs)
             Began as a Vine Stalker Necromancer on July 5, 2016.
             Succumbed to a kobold's poison
             ... on level 1 of the Dungeon.
             The game lasted 00:15:19 (1967 turns).

BDSMove the Grave Robber (Vine Stalker Necromancer) Turns: 1967, Time: 00:15:19

Health: -1/13      AC:  2    Str: 10    XL:     2   Next: 66%
Magic:  3/6        EV: 12    Int: 15    God:
Gold:   44         SH:  0    Dex: 14    Spells: 2 memorised, 3 levels left

rFire  . . .     SeeInvis .     (no weapon)
rCold  . . .     Gourm    .     a - +0 robe
rNeg   . . .     Faith    .     (no shield)
rPois  .         Spirit   +     (no helmet)
rElec  .         Dismiss  .     (no cloak)
rCorr  .         Reflect  .     (no gloves)
SustAt .         Harm     .     (no boots)
MR     .....                    (no amulet)
Stlth  ++........               (no ring)
                                (no ring)

@: lethally poisoned (-1 -> -28), not resistant to hostile enchantments,
unstealthy
A: fangs 2, regeneration 1, magic shield, antimagic bite, no device heal 3, rot
immunity
a: no special abilities


You were on level 1 of the Dungeon.
You were near starving.

You visited 1 branch of the dungeon, and saw 1 of its levels.

You collected 44 gold pieces.

Inventory:

Hand Weapons
 e - a +0 dagger
 i - a +0 short sword
 l - a +0 club
 n - a +0 whip
Missiles
 k - a throwing net (quivered)
Armour
 a - a +0 robe (worn)
Jewellery
 f - an uncursed ring of protection from fire {unknown}
Scrolls
 g - a scroll of amnesia {unknown}
 m - a scroll of identify {unknown}
Books
 b - a book of Necromancy

   Spells                             Type                      Level
   a - Pain                           Necromancy                   1
   b - Animate Skeleton               Necromancy                   1
   c - Vampiric Draining              Necromancy                   3
   d - Regeneration                   Charms/Necromancy            3
   e - Animate Dead                   Necromancy                   4
   f - Control Undead                 Necromancy                   4


   Skills:
 + Level 1.6 Dodging
 + Level 2.5 Stealth
 + Level 2.4 Spellcasting
 + Level 4.4 Necromancy


You had 3 spell levels left.
You knew the following spells:

 Your Spells              Type           Power        Failure   Level  Hunger
a - Pain                  Necr           ###.         3%          1    #......
b - Animate Skeleton      Necr           N/A          3%          1    #......


Dungeon Overview and Level Annotations

Branches:
Dungeon (1/15)

Altars:
The Shining One


Innate Abilities, Weirdness & Mutations

You have extremely sharp teeth.
Your natural rate of healing is unusually fast.
When hurt, damage is shared between your health and your magic reserves.
Your bite disrupts and absorbs the magic of your enemies.
Potions and wands cannot restore your health.
You are immune to rotting.


Message History

[Y]es or [N]o only, please.
Really attack barehanded? [Y]es or [N]o only, please.
Really attack barehanded?
Okay, then.
The kobold hits you with a dagger of venom.
You are poisoned.
You feel sick.
The kobold hits you with a dagger of venom.
You are lethally poisoned!
You feel sick. The kobold closely misses you.
You feel sick. The kobold hits you but does no damage.
You are more poisoned.
You feel sick.
The kobold hits you with a dagger of venom.
* * * LOW HITPOINT WARNING * * *
You are more poisoned.
* * * LOW HITPOINT WARNING * * *
You feel sick. The kobold barely misses you.
You die...

#.#########.........##.#
#.# ##.......##...# #.#
#........##.### #.#
##.#......##.# #.#
##..#......##.# #### #.#
##..###.....##.###... #.#
##..##.##....##.##..## #.#
##..##...##....#.##.##
#.###..#'K@8..##........#
#.#...##..8.8..##.....###
#...###..8._.8..###...## #
###...##..8.8..##......####
###..##..8..##...>.#.....
##..##.%.##..#.......##
##..##!##..##.......##
##..###..###.........
##..#..## #.......##


You could see a kobold.

Vanquished Creatures
  A giant gecko (D:1)
  2 bats (D:1)
  A giant cockroach (D:1)
  2 goblins (D:1)
  5 hobgoblins (D:1)
  2 kobolds (D:1)
  A rat (D:1)
14 creatures vanquished.

Notes
Turn   | Place    | Note
--------------------------------------------------------------
     0 | D:1      | BDSMove the Vine Stalker Necromancer began the quest for the Orb.
     0 | D:1      | Reached XP level 1. HP: 9/9 MP: 4/4
     6 | D:1      | Learned a level 1 spell: Animate Skeleton
   227 | D:1      | Found a glowing golden altar of the Shining One.
   314 | D:1      | Reached XP level 2. HP: 13/13 MP: 4/6
  1697 | D:1      | Paralysed by fainting for 5 turns
  1740 | D:1      | Paralysed by fainting for 11 turns
  1773 | D:1      | Paralysed by fainting for 11 turns
  1967 | D:1      | Succumbed to a kobold's poison

Action                   || total
-------------------------++-------
 Cast: Pain              ||    29
  Use: Potion            ||     1
  Eat: Pizza             ||     1
Armor: Robe              ||     3
Dodge: Dodged            ||    26
